 Dungeon Sprint DCSS version 0.29.1-4-g47bece8355 (webtiles) character file.

Game seed: 9814775561650375349

42 Groucho the Scratcher (level 3, -3/25 HPs)
             Began as a Felid Transmuter on Dec 11, 2022.
             Slain by a gnoll bouda
             ... wielding a +0 club
              (9 damage)
             ... in the Dungeon (Sprint IX: "|||||||||||||||||||||||||||||").
             The game lasted 00:00:48 (319 turns).

Groucho the Scratcher (Felid Transmuter)             Turns: 319, Time: 00:00:48

Health: -3/25      AC:  1    Str:  8    XL:     3   Next: 33%
Magic:  5/8        EV: 18    Int: 14    God:
Gold:   0          SH:  0    Dex: 16    Spells: 6/7 levels left
                                        Lives:  0   Deaths: 0

rFire   . . .      SeeInvis +     - Unarmed
rCold   . . .      Faith    .   (shield unavailable)
rNeg    . . .      Spirit   .   (body armour unavailable)
rPois   .          Reflect  .   (helmet unavailable)
rElec   .          Harm     .   (cloak unavailable)
rCorr   .          Rampage  .   (gloves unavailable)
Will    .....      NoTele   +   (boots unavailable)
Stlth   ..........              (no amulet)
HPRegen 0.08/turn               (no ring)
MPRegen 0.11/turn               (no ring)

@: berserking (expiring), appendages, weakened, very quick
A: horns 2, very small, claws 1, fangs 3, see invisible, speed 1, shaggy fur 1,
stealthy paws, no weapons or thrown items, no armour, multi-lived
a: End Transformation


You were in the Dungeon.
You had temporarily grown beastly horns.
You visited 1 branch

Inventory:

Scrolls
 g - a scroll of blinking
Potions
 a - a potion of lignification
 c - a potion of heal wounds
 d - a potion of haste
 e - 2 potions of magic


   Skills:
 * Level 3.0 Fighting
 + Level 3.8 Dodging
 * Level 4.0 Stealth
 * Level 4.2 Unarmed Combat
 + Level 2.6 Spellcasting
 * Level 3.8 Transmutations


You had 6 spell levels left.
You knew the following spells:

 Your Spells              Type           Power      Damage    Failure   Level
a - Beastly Appendage     Tmut           24%        N/A       4%          1

Your spell library contained the following spells:

 Spells                   Type           Power      Damage    Failure   Level
 Wereblood                Tmut           12%        N/A       7%          2
 Spider Form              Tmut/Pois      7%         N/A       30%         3
 Ice Form                 Ice/Tmut       7%         N/A       69%         4


Dungeon Overview and Level Annotations

Branches:
Dungeon (1/1)

Altars:


Innate Abilities, Weirdness & Mutations

You have temporarily grown beastly horns.
You have sharp claws.
You have razor-sharp teeth.
You have supernaturally acute eyesight. (SInv)
You cover ground quickly. (Speed+)
You are covered in fur. (AC +1)
Your paws help you pounce on unaware monsters.
You are incapable of wielding weapons or throwing items.
You cannot wear armour.
You gain extra lives every three experience levels.


Message History

Your Transmutations skill increases to level 3!
You have reached level 2!
You scratch the iguana.
The iguana is moderately wounded.
You scratch the iguana.
The iguana is moderately wounded.
The iguana bites you!
Ouch! That really hurt!
The gnoll bouda gazes fiercely through you!
You feel your attacks grow feeble.
You are too injured to fight recklessly!
Unknown command.
You are too injured to fight recklessly!
You scratch the iguana. Your headbutt misses the iguana. You bite the iguana.
The iguana is almost dead.
The iguana closely misses you.
You barely miss the iguana.
The iguana is almost dead.
Unknown command.
You scratch the iguana but do no damage.
You headbutt the iguana.
You kill the iguana!
Your Fighting skill increases to level 3!
Your Stealth skill gained 2 levels and is now at level 4!
Your Unarmed Combat skill increases to level 4!
You have reached level 3!
Your experience leads to an increase in your attributes!
Increase (S)trength, (I)ntelligence, or (D)exterity?
You feel stronger. x2
Unknown command.
You claw the gnoll bouda!
The gnoll bouda is heavily wounded.
You closely miss the gnoll bouda. You headbutt the gnoll bouda!
The gnoll bouda is almost dead.
The gnoll bouda hits you with a +0 club.
* * * LOW HITPOINT WARNING * * *
You scratch the gnoll bouda.
The gnoll bouda is almost dead.
The gnoll bouda hits you with a +0 club!
You die...

▓+▓
▓.▓
▓.▓
▓o▓
▓.▓
▓J▓
▓g▓
▓@▓
▓.▓
▓.▓
▓.▓
▓.▓
▓)▓
▓.▓
▓.▓
▓.▓


You could see a gnoll bouda, a jelly and an orc.

Vanquished Creatures
  An iguana (D)
  A gnoll (D)
  A ball python (D)
  An endoplasm (D)
  A giant cockroach (D)
  A goblin (D)
  A quokka (D)
7 creatures vanquished.

Notes
Turn   | Place    | Note
-------+----------+-------------------------------------------
     0 | D        | Groucho the Felid Transmuter began the quest for the Orb.
     0 | D        | Reached XP level 1. HP: 9/9 MP: 4/4
     8 | D        | Reached skill level 1 in Stealth
   309 | D        | Noticed a jelly
   309 | D        | Noticed a gnoll bouda
   309 | D        | Noticed an iguana
   312 | D        | Reached XP level 2. HP: 13/13 MP: 4/6
   317 | D        | Reached XP level 3. HP: 12/17 MP: 5/8
   319 | D        | Slain by a gnoll bouda

Illustrated notes

Levels and vault maps discovered:
D:        linesprint [early_d, line_temple, items_1, d_10, items_2, lair_1,
          lair_end, items_3, orc_1, orc_end, items_4, d_15, swamp_1, shoals_1,
          snake_1, spider_1, d_20, vaults_1, items_5, swamp_end, shoals_end,
          snake_end, spider_end, vaults_end, d_27, items_6, zot_1, zot_end,
          crypt_end, forest_end, elf_end, slime_end, tomb_end, abyss_end,
          pan_hell_end]

Skill      XL: |  1  2 |
---------------+-------+-----
Stealth        | 2 4 |  4.0
Dodging        | 3 |  3.8
Fighting       | 2 3 |  3.0
Transmutations | 3 |  3.8
Unarmed Combat | 4 |  4.2
Spellcasting   | |  2.6

Action                   || total
-------------------------++-------
Melee: Unarmed           ||    24
       Bite              ||     3
       Headbutt          ||     2
 Cast: Beastly Appendage ||     1
  Use: Potion            ||     2
Armor: Skin              ||     2
Dodge: Dodged            ||    10
